 Dungeon Crawl Stone Soup version 0.28-a0-695-gff097466f2 (webtiles) character file.

Game seed: 6876045044799254003

738 funkygono the Firebug (level 7, -4/36 HPs)
             Began as a Gargoyle Fire Elementalist on Oct 22, 2021.
             Slain by a killer bee (7 damage)
             ... on level 5 of the Dungeon.
             The game lasted 00:09:21 (5293 turns).

funkygono the Firebug (Gargoyle Fire Elementalist)  Turns: 5293, Time: 00:09:22

Health: -4/36      AC: 14    Str: 12    XL:     7   Next: 75%
Magic:  13/14      EV: 11    Int: 17    God:
Gold:   213        SH:  0    Dex: 10    Spells: 6/16 levels left

rFire   . . .      SeeInvis .   n - +0 whip
rCold   . . .      Faith    .   (no shield)
rNeg    + . .      Spirit   .   l - +2 leather armour {Will+}
rPois   ∞          Reflect  .   (no helmet)
rElec   +          Harm     .   o - +1 cloak
rCorr   .          Rampage  .   k - +1 pair of gloves
Will    +....                   (no boots)
Stlth   ++........              r - amulet of magic regeneration
HPRegen 0.12/turn               (no ring)
MPRegen 0.39/turn               (no ring)

@: brilliant, attractive, flying
A: sickness immunity, AC +4, negative energy resistance 1, electricity
resistance, torment resistance 1, petrification resistance
a: no special abilities


You were on level 5 of the Dungeon.
You visited 1 branch of the dungeon, and saw 6 of its levels.

You collected 213 gold pieces.

Inventory:

Hand Weapons
 n - a +0 whip (weapon)
Missiles
 g - 114 stones
Armour
 a - a +0 robe
 k - a +1 pair of gloves (worn)
 l - a +2 leather armour of willpower (worn)
 o - a +1 cloak (worn)
Magical Staves
 b - a staff of poison
Jewellery
 r - an amulet of magic regeneration (around neck)
Wands
 h - a wand of iceblast (12)
Scrolls
 c - a scroll of amnesia
 d - a scroll of fog
 f - a scroll of teleportation
 q - a scroll of brand weapon {unknown}
Potions
 j - a potion of brilliance


   Skills:
 + Level 0.1 Fighting
 + Level 1.2 Maces & Flails
 + Level 1.2 Armour
 + Level 1.7 Dodging
 - Level 2.1 Stealth
 * Level 5.0 Spellcasting
 * Level 3.6 Conjurations
 * Level 5.9 Fire Magic


You had 6 spell levels left.
You knew the following spells:

 Your Spells              Type           Power      Damage    Failure   Level
a - Foxfire               Conj/Fire      100%       2x1d9     2%          1
b - Scorch                Fire           72%        2d9       2%          2
c - Conjure Flame         Conj/Fire      30%        6-21      8%          3
d - Flame Wave            Conj/Fire      30%        3d7       26%         4

Your spell library contained the following spells:

 Spells                   Type           Power      Damage    Failure   Level
 Inner Flame              Hex/Fire       21%        N/A       16%         3
 Apportation              Tloc           12%        N/A       19%         1
 Alistair's Intoxication  Tmut/Pois      4%         N/A       99%         5
 Invisibility             Hex            3%         N/A       100%        6


Dungeon Overview and Level Annotations

Branches:
Dungeon (6/15)
 Temple: D:4-7

Altars:
Okawaru
Xom
Yredelemnul


Innate Abilities, Weirdness & Mutations

You are immune to sickness and miasma.
Your stone body is resilient. (AC +4)
You are immune to poison.
You resist negative energy. (rN+)
You are resistant to electric shocks. (rElec)
You are resistant to unholy torment.
You are immune to petrification.


Message History

Casting: Foxfire (safe; 2% risk of failure)
Confirm with . or Enter, or press ? or * to list all spells.
You feel a surge of power!
You conjure some foxfire!
The killer bee stings you.
* * * LOW HITPOINT WARNING * * *
The killer bee barely misses you. The killer bee stings you.
* * * LOW HITPOINT WARNING * * *
The killer bee stings you.
* * * LOW HITPOINT WARNING * * *
It was a potion of magic.
Magic courses through your body.
The foxfire hits the killer bee!
The killer bee is heavily wounded.
The foxfire hits the killer bee but does no damage.
The killer bee is heavily wounded.
The foxfire hits the killer bee.
The killer bee is severely wounded.
The killer bee stings you but does no damage.
The foxfire hits the killer bee.
The killer bee is almost dead.
The killer bee closely misses you.
The killer bee stings you but does no damage.
The killer bee stings you.
* * * LOW HITPOINT WARNING * * *
It was a potion of flight.
You feel very buoyant.
You fly up into the air.
The killer bee stings you but does no damage.
The killer bee misses you. The killer bee closely misses you.
The killer bee barely misses you.
It was a potion of attraction.
You feel attractive to monsters. The killer bee barely misses you.
The killer bee stings you but does no damage. x2
The killer bee barely misses you.
Unknown command.
Casting: Foxfire (safe; 2% risk of failure)
Confirm with . or Enter, or press ? or * to list all spells.
You feel a surge of power!
You conjure some foxfire!
The killer bee stings you but does no damage.
The killer bee misses you. The killer bee stings you!
You die...

#.. ##.## ##
##.## #..#
##.##### #.....#
##..###...
##..#.PPPP#
####yy.P≈≈≈P≈[
#.v@y#PP≈P≈≈≈P
#......v≈.≈♣♣♣♣≈P
......!.#P.PP♣ ≈
...........≈≈♣
.........#.P≈♣
.####....##≈≈P♣
...... ≈P≈≈
..#....


PPP You could see 3 killer bees.

Vanquished Creatures
  A black bear (D:6)
  2 ogres
  3 killer bees (D:5)
  A hound (D:3)
  A centaur skeleton (D:3)
  An iguana (D:6)
  A scorpion zombie (D:4)
  A hound skeleton (D:4)
  4 gnolls (D:4)
  7 adders
  A shadow imp (D:6)
  A white imp (D:6)
  4 worms
  3 dart slugs
  4 orcs
  5 ball pythons
  7 bats
  5 endoplasms
  5 giant cockroaches
  6 goblins
  7 hobgoblins
  11 jackals
  2 quokkas
  5 frilled lizards
  12 kobolds
  4 rats (D:1)
104 creatures vanquished.

Vanquished Creatures (others)
  340 foxfires
  2 plants (D:5)
342 creatures vanquished.

Grand Total: 446 creatures vanquished

Notes
Turn   | Place    | Note
-------+----------+-------------------------------------------
     0 | D:1      | funkygono the Gargoyle Fire Elementalist began the quest
                  | for the Orb.
     0 | D:1      | Reached XP level 1. HP: 10/10 MP: 3/3
   186 | D:1      | Reached XP level 2. HP: 15/15 MP: 1/5
   250 | D:1      | Learned a level 2 spell: Scorch
   927 | D:1      | Reached XP level 3. HP: 19/19 MP: 3/6
   931 | D:1      | Learned a level 3 spell: Conjure Flame
  1792 | D:2      | Found a faded altar of an unknown god.
  1878 | D:2      | Found a basalt altar of Yredelemnul.
  2084 | D:2      | Reached XP level 4. HP: 24/24 MP: 2/7
  2771 | D:3      | Noticed an ogre
  2778 | D:3      | Killed an ogre
  2779 | D:3      | Reached XP level 5. HP: 28/28 MP: 3/10
  3366 | D:3      | Reached XP level 6. HP: 31/32 MP: 5/11
  3371 | D:3      | Learned a level 4 spell: Flame Wave
  3706 | D:4      | Reached skill level 5 in Fire Magic
  3803 | D:4      | Reached skill level 1 in Armour
  3887 | D:4      | Reached XP level 7. HP: 36/36 MP: 6/13
  4546 | D:4      | Found a shimmering altar of Xom.
  4640 | D:4      | Found an iron altar of Okawaru.
  4974 | D:5      | Entered Level 5 of the Dungeon
  4994 | D:5      | You fall into a shaft and drop 1 floor!
  5268 | D:5      | Reached skill level 5 in Spellcasting
  5286 | D:5      | Reached skill level 1 in Maces & Flails
  5293 | D:5      | Slain by a killer bee

Illustrated notes

Levels and vault maps discovered:
D:1:      dpeg_arrival_erosion, layout_basic
D:2:      layout_loops_corners, dilly_ecumenical_altar_fadedgnrine,
          serial_glass, glass_columns_a, glass_columns_c, basic_altar
D:3:      layout_basic, minmay_fountain_box, dk_noncrumbling_3
D:4:      layout_cave_pods, mainiacjoe_overflow_swirl, grunt_tough_drop
D:5:      layout_cave_pods, nicolae_qazlal_scattered_showers,
          nicolae_overflow_hidden_temple, gup_sewer_entry_spiral,
          serial_bayou_pond_c, minmay_shop_damaged, minivault_25
D:6:      layout_basic

Skill      XL: |  1  2  3  4  5  6  7 |
---------------+----------------------+-----
Fire Magic     | 4 5 |  5.9
Conjurations   | 2 3 |  3.6
Spellcasting   | 3 4 5 |  5.0
Armour         | 1 |  1.2
Maces & Flails | 1 |  1.2
Fighting       | |  0.1
Dodging        | |  1.7
Stealth        | |  2.1

Action                   |  1- 3 |  4- 6 |  7- 9 || total
-------------------------+-------+-------+-------++-------
Melee: Unarmed           |     5 |       |       ||     5
       Whip              |     2 |    10 |     4 ||    16
 Cast: Foxfire           |    61 |    82 |    55 ||   198
       Scorch            |    10 |     9 |     8 ||    27
  Use: Scroll            |       |     7 |     1 ||     8
       Potion            |       |       |     5 ||     5
Armor: Robe              |     3 |       |       ||     3
       Leather armour    |       |    10 |    40 ||    50
Dodge: Dodged            |    22 |    16 |    58 ||    96

Table legend: (Time is in decaauts)
 A = Elapsed time spent in this place.
 B = Non-inter-level travel time spent in this place.
 C = Inter-level travel time spent in this place.
 D = Time resting spent in this place.
 E = Time spent auto-exploring this place.
 F = Levels seen in this place.
 G = Mean time per level.
                   A        B        C        D        E       F      G
               +--------+--------+--------+--------+--------+-----+--------+
         Total |   5293 |   5202 |     91 |    216 |   4013 |   6 |  882.2 |
       Dungeon |   5293 |   5202 |     91 |    216 |   4013 |   6 |  882.2 |
               +--------+--------+--------+--------+--------+-----+--------+

Top non-repeatable levels by time:
     D:4: 1508 daAuts
     D:2: 1204 daAuts
     D:1: 1134 daAuts
     D:3: 1127 daAuts
     D:6: 256 daAuts
     D:5: 62 daAuts
